 Dungeon Crawl Stone Soup version 0.27-a0-1177-g245c70e1c0 (webtiles) character file.

Game seed: 1238306569367465915

2615 mandarbmax the Grappler (level 9, -6/74 HPs)
             Began as a Ghoul Gladiator on May 16, 2021.
             Killed from afar by a steam dragon (21 damage)
             ... with a ball of steam
             ... on level 7 of the Dungeon.
             The game lasted 00:20:48 (7118 turns).

mandarbmax the Grappler (Ghoul Gladiator)           Turns: 7118, Time: 00:20:48

Health: -6/74      AC: 14    Str: 20    XL:     9   Next: 60%
Magic:  8/8        EV: 11    Int:  3    God:
Gold:   467        SH:  0    Dex: 11    Spells: 8/8 levels left

rFire    . . .     SeeInvis .     - Unarmed
rCold    + . .     Faith    .   (no shield)
rNeg     + + +     Spirit   .   i - +0 ring mail
rPois    ∞         Reflect  .   b - +2 helmet
rElec    .         Harm     .   (no cloak)
rCorr    .         Rampage  .   x - +2 pair of gloves
Will     .....                  q - +1 pair of boots
Stlth    +.........             v - amulet of regeneration
HPRegen  0.00/turn              (no ring)
MPRegen  0.11/turn              (no ring)

@: about to teleport
A: claws 1, cold resistance 1, negative energy resistance 3, inhibited
regeneration, torment resistance 2
a: no special abilities


You were on level 7 of the Dungeon.
You visited 1 branch of the dungeon, and saw 7 of its levels.
You also visited: Sewer.

You collected 467 gold pieces.

Inventory:

Missiles
 c - 3 throwing nets
 m - 7 javelins (quivered)
 z - 88 poisoned darts
Armour
 a - a +0 leather armour
 b - a +2 helmet (worn)
 h - a +0 chain mail
 i - a +0 ring mail (worn)
 q - a +1 pair of boots (worn)
 x - a +2 pair of gloves (worn)
Jewellery
 v - an amulet of regeneration (around neck)
Wands
 n - a wand of polymorph (1)
 C - a wand of iceblast (3)
Scrolls
 d - 3 scrolls of teleportation
 e - a scroll of fear {unknown}
 f - a scroll of blinking {unknown}
 g - 2 scrolls of amnesia {unknown}
 r - a scroll of fog
 y - a scroll of enchant weapon {unknown}
 A - a scroll of magic mapping
 B - a scroll of summoning {unknown}
Potions
 j - 5 potions of curing
 k - a potion of attraction
 l - a potion of magic
 o - 2 potions of cancellation
 p - 6 potions of brilliance
 s - 2 potions of heal wounds
 t - 6 potions of flight
 u - a potion of might
 w - a potion of haste


   Skills:
 + Level 5.4 Fighting
 + Level 4.5 Throwing
 + Level 4.0 Armour
 - Level 3.0 Dodging
 - Level 11.1 Unarmed Combat


You had 8 spell levels left.
You didn't know any spells.
Your spell library contained the following spells:

 Spells                   Type           Power      Damage    Failure   Level
 Foxfire                  Conj/Fire      0%         2x1d4     69%         1
 Magic Dart               Conj           0%         1d3       69%         1
 Blink                    Tloc           N/A        N/A       83%         2
 Call Imp                 Summ           0%         N/A       83%         2
 Slow                     Hex            0%         N/A       83%         2
 Conjure Flame            Conj/Fire      0%         6-21      96%         3
 Inner Flame              Hex/Fire       0%         N/A       96%         3
 Mephitic Cloud           Conj/Pois/Air  0%         N/A       96%         3
 Sticky Flame             Conj/Fire      0%         2d3       100%        4
 Fireball                 Conj/Fire      0%         3d3       100%        5


Dungeon Overview and Level Annotations

Branches:
Dungeon (7/15)              Sewer (visited)
 Temple: D:4-7

Altars:
Trog
Uskayaw
Vehumet

Shops:
D:2 (

Annotations:
D:3 1 runed translucent door, voltaire321's ghost, amateur MfGl
D:5 3 runed translucent doors, math4jedi's ghost, amateur MiMo
D:7 Harold


Innate Abilities, Weirdness & Mutations

You thrive by killing the living.
You are immune to poison.
You have sharp fingernails.
Your flesh is cold resistant. (rC+)
You are immune to negative energy. (rN+++)
You do not regenerate when monsters are visible.
You are immune to unholy pain and torment.


Message History

Harold says, "Do you have any idea what people are willing to pay to have you killed, mandarbmax?"
Harold drinks a potion.
Harold flickers and vanishes!
Deactivating autopickup; reactivate with Ctrl-A.
The killer bee closely misses you.
You miss the killer bee.
The killer bee is heavily wounded.
The killer bee closely misses you. Something hits you.
You punch the killer bee!
The killer bee is almost dead.
The killer bee closely misses you. The killer bee stings you.
Something hits you but does no damage.
You miss the killer bee.
The killer bee is almost dead.
The killer bee stings you. x2
* * * LOW HITPOINT WARNING * * *
You closely miss the killer bee.
The killer bee is almost dead.
Something hits you but does no damage. The killer bee closely misses you.
Unknown command.
You punch the killer bee!
You kill the killer bee!
You feel better. Something hits you but does no damage.
Your Armour skill increases to level 4!
Items here: ) [[ ††.
Something is blocking the doorway!
Something hits you.
Okay, then.
Okay, then.
A steam dragon comes into view.
You hear some strange, mumbled words.
A harpoon shot appears from out of thin air!
The harpoon shot hits you!
* * * LOW HITPOINT WARNING * * *
You are yanked forward by the harpoon shot.
You feel much better. Something hits you!
As you read the scroll of teleportation, it crumbles to dust.
You feel strangely unstable. Something hits you!
* * * LOW HITPOINT WARNING * * *
The steam dragon breathes steam at you.
The ball of steam hits something!
The ball of steam hits you!!
You die...

..# ##.# .## #.## .###
#..#
...###########.########
....#..................
......########.########
....### ♣...........♣♣
...## ♣.###########.♣#
....# +....⌠.@§{D..#
.##.### ###########.♣#
####..# .......§♣♣ ####
#♣.♣#####


There were no monsters in sight!

Vanquished Creatures
  A hornet (D:7)
  Prince Ribbit (D:7)
  A wyvern (D:7)
  Eustachio (D:6)
  A steam dragon (D:7)
  Menkaure (D:6)
  Edmund (D:6)
  2 black bears
  A centaur (D:5)
  4 kobold brigands
  A bullfrog (D:6)
  2 scorpions (D:4)
  A water moccasin skeleton (D:5)
  A killer bee (D:7)
  A howler monkey (D:7)
  2 bullfrog zombies
  A gnoll shaman (D:7)
  2 hounds
  2 centaur skeletons
  A jelly (D:7)
  3 iguanas
  4 orc wizards
  3 gnolls (D:7)
  A howler monkey skeleton (D:5)
  6 adders
  4 river rats (Sewer)
  A shadow imp (D:5)
  2 white imps
  An ufetubus (D:5)
  2 adder skeletons
  3 worms
  5 dart slugs
  10 orcs
  9 ball pythons
  11 endoplasms
  7 giant cockroaches
  2 goblins
  17 hobgoblins
  9 jackals
  4 quokkas
  5 frilled lizards
  37 kobolds
  25 rats
199 creatures vanquished.

Vanquished Creatures (others)
  An orc wizard (D:7)
  25 plants (D:6)
26 creatures vanquished.

Grand Total: 225 creatures vanquished

Notes
Turn   | Place    | Note
-------+----------+-------------------------------------------
     0 | D:1      | mandarbmax the Ghoul Gladiator began the quest for the Orb.
     0 | D:1      | Reached XP level 1. HP: 17/17 MP: 0/0
   160 | D:1      | Reached XP level 2. HP: 19/24 MP: 1/1
   456 | D:1      | Reached skill level 4 in Unarmed Combat
   650 | D:2      | Reached XP level 3. HP: 29/29 MP: 2/2
  1129 | D:2      | Reached skill level 5 in Unarmed Combat
  1129 | D:2      | Reached XP level 4. HP: 16/36 MP: 3/3
  1329 | D:2      | Found Rotwur's Antique Weapon Boutique.
  1884 | D:3      | Found a runed translucent door.
  1884 | D:3      | Noticed voltaire321's ghost (amateur MfGl)
  1993 | D:3      | Reached skill level 6 in Unarmed Combat
  1993 | D:3      | Reached XP level 5. HP: 40/41 MP: 4/4
  2193 | D:3      | Found a faded altar of an unknown god.
  2480 | D:3      | Found a radiant altar of Vehumet.
  2537 | D:4      | Noticed a black bear
  2622 | D:4      | Found a bloodstained altar of Trog.
  2779 | D:4      | Killed a black bear
  2780 | D:4      | Reached skill level 7 in Unarmed Combat
  2780 | D:4      | Reached XP level 6. HP: 28/48 MP: 5/5
  3198 | D:4      | Reached skill level 8 in Unarmed Combat
  3338 | D:4      | Reached XP level 7. HP: 55/55 MP: 6/6
  3485 | D:4      | Found a hide-covered altar of Uskayaw.
  3598 | D:5      | Entered Level 5 of the Dungeon
  3802 | D:5      | Noticed math4jedi's ghost (amateur MiMo)
  3803 | D:5      | Noticed a steam dragon
  3812 | D:5      | Found a runed translucent gate.
  3812 | D:5      | Found a runed translucent gate.
  3812 | D:5      | Found a runed translucent gate.
  3926 | D:5      | Reached skill level 9 in Unarmed Combat
  4925 | D:3      | Lost intelligence.
  5084 | D:6      | Found a glowing drain.
  5103 | Sewer    | Entered a sewer
  5159 | Sewer    | Reached skill level 10 in Unarmed Combat
  5159 | Sewer    | Reached XP level 8. HP: 50/61 MP: 7/7
  5751 | D:6      | Noticed Menkaure
  5758 | D:6      | Killed Menkaure
  5759 | D:6      | Reached skill level 11 in Unarmed Combat
  5836 | D:6      | Noticed Edmund
  5861 | D:6      | Killed Edmund
  5938 | D:6      | Reached skill level 1 in Armour
  6020 | D:6      | Noticed Eustachio
  6114 | D:6      | Killed Eustachio
  6115 | D:6      | Reached XP level 9. HP: 45/71 MP: 8/8
  6799 | D:7      | Noticed Prince Ribbit
  6806 | D:7      | Killed Prince Ribbit
  6812 | D:7      | Noticed a hornet
  6822 | D:7      | Killed a hornet
  6823 | D:7      | Reached skill level 5 in Fighting
  7105 | D:7      | Noticed Harold
  7118 | D:7      | Killed from afar by a steam dragon

Illustrated notes

Levels and vault maps discovered:
D:1:      minmay_arrival_hallway, layout_rooms
D:2:      layout_basic, serial_shops, nicolae_shop_statue_plus
D:3:      layout_rooms, general_overflow_altar, hellmonk_ghost_happy_afterlife,
          chequers_ecumenical_altar_simple
D:4:      layout_loops_ring, kennysheep_mini, amcnicky_altar_gilded,
          wad_orctagon
D:5:      layout_gridville, gammafunk_ghost_split
D:6:      kennysheep_kobold_camp, layout_rooms, portal_sewer_entry_f,
          nicolae_underground_beach, uniq_menkaure, uniq_eustachio, uniq_edmund
D:7:      nzn_winding_woodlands_stair_cross
          [nzn_winding_woodlands_5x15_longhouse,
          nzn_winding_woodlands_center_diamonds,
          nzn_winding_woodlands_5x15_jagged, nzn_winding_woodlands_5x5_three,
          nzn_winding_woodlands_5x5_open_star,
          nzn_winding_woodlands_5x15_default,
          nzn_winding_woodlands_center_garden,
          nzn_winding_woodlands_5x15_crooked], layout_cave_pods,
          marbit_many_paths, minmay_temple_entry_water_ring, minivault_14,
          sigmund_army, uniq_prince_ribbit1, uniq_harold

Skill      XL: |  1  2  3  4  5  6  7  8  9 |
---------------+----------------------------+-----
Dodging        | 3 |  3.0
Unarmed Combat | 4 5 6 7 8 10 11 | 11.1
Throwing       | 3 4 |  4.5
Armour         | 2 4 |  4.0
Fighting       | 3 5 |  5.4

Action                   |  1- 3 |  4- 6 |  7- 9 || total
-------------------------+-------+-------+-------++-------
Melee: Unarmed           |    89 |   154 |   429 ||   672
       Punch             |       |     4 |    10 ||    14
Throw: Javelin           |       |       |    11 ||    11
Evoke: Wand              |       |     2 |     5 ||     7
  Use: Scroll            |       |     2 |    14 ||    16
       Potion            |       |       |     7 ||     7
Armor: Leather armour    |     7 |       |       ||     7
       Ring mail         |    11 |    48 |   310 ||   369
Dodge: Dodged            |    40 |    92 |   311 ||   443

Table legend: (Time is in decaauts)
 A = Elapsed time spent in this place.
 B = Non-inter-level travel time spent in this place.
 C = Inter-level travel time spent in this place.
 D = Time resting spent in this place.
 E = Time spent auto-exploring this place.
 F = Levels seen in this place.
 G = Mean time per level.
                   A        B        C        D        E       F      G
               +--------+--------+--------+--------+--------+-----+--------+
         Total |   7206 |   6853 |    353 |    872 |   4470 |   8 |  900.8 |
       Dungeon |   6539 |   6186 |    353 |    872 |   4106 |   7 |  934.1 |
         Sewer |    666 |    666 |      0 |      0 |    364 |   1 |  666.0 |
               +--------+--------+--------+--------+--------+-----+--------+

Top non-repeatable levels by time:
     D:2: 1355 daAuts
     D:5: 1270 daAuts
     D:6: 1147 daAuts
     D:4: 1104 daAuts
   Sewer: 666 daAuts
     D:1: 637 daAuts
     D:3: 589 daAuts
     D:7: 434 daAuts
